 Dungeon Crawl Stone Soup version 0.31-a0-167-g1c394c0614 (webtiles) character file.

Game seed: 8052032297380492945

6990 Adrian566 the Blocker (level 10, -7/74 HPs)
             Began as a Demonspawn Gladiator on June 14, 2023.
             Was an Initiate of Gozag.
             Killed from afar by an ice statue (34 damage)
             ... with a shard of ice
             ... on level 9 of the Dungeon.
             The game lasted 00:11:28 (9374 turns).

Adrian566 the Blocker (Demonspawn Gladiator)        Turns: 9374, Time: 00:11:30

Health: -7/74      AC: 20    Str: 14    XL:     10   Next: 81%
Magic:  10/10      EV:  4    Int:  9    God:    Gozag
Gold:   1564       SH: 17    Dex: 22    Spells: 9/9 levels left

rFire   . . .        a - +0 long sword (flame)
rCold   . . .        r - +0 kite shield {reflect}
rNeg    . . .        t - +1 plate armour
rPois   +            c - +0 helmet
rElec   +            g - +0 cloak
rCorr   .            k - +0 pair of gloves
SInv    .            (no boots)
Will    .....        (no amulet) Stlth
                     s - ring of poison resistance
HPRegen 0.32/turn    (no ring)
MPRegen 0.12/turn

%: reflection
@: hasted, studying Axes, very quick
A: thin metallic scales 2, powered by pain 1, condensation shield, demonic touch
1, agile 1, passive freeze, electricity resistance
a: Renounce Religion, Potion Petition, Call Merchant, Bribe Branch


You were on level 9 of the Dungeon.
You worshipped Gozag.
Gozag was most pleased with you.
You visited 2 branches of the dungeon, and saw 10 of its levels.
You also visited: Ossuary.

You collected 2303 gold pieces.
You spent 624 gold pieces at shops.
You paid 115 gold pieces to Gozag.

Inventory:

Hand Weapons
 a - a +0 long sword of flaming (weapon)
 A - a +3 long sword of freezing
Missiles
 d - 6 throwing nets (quivered)
 e - 3 javelins
Armour
 c - a +0 helmet (worn)
 g - a +0 cloak (worn)
 k - a +0 pair of gloves (worn)
 r - a +0 kite shield of reflection (worn)
 t - a +1 plate armour (worn)
 C - the +1 cloak of Devotion {Str+8}
   (You found it on level 8 of the Dungeon)

   Str:       It affects your strength (+8).
Jewellery
 m - an amulet of faith
 s - a ring of poison resistance (left hand)
Wands
 p - a wand of mindburst (12)
 B - a wand of digging (3)
 E - a wand of acid (4)
Scrolls
 f - 4 scrolls of identify
 j - 2 scrolls of fog
 o - a scroll of teleportation
 q - a scroll of vulnerability
 w - 2 scrolls of revelation
 y - a scroll of poison
 G - a scroll of enchant armour
 H - a scroll of silence
Potions
 b - 7 potions of curing
 h - a potion of mutation
 i - 2 potions of attraction
 l - 2 potions of degeneration
 n - a potion of brilliance
 u - a potion of haste
 v - 2 potions of enlightenment
 x - a potion of lignification
 z - 2 potions of cancellation
 D - a potion of resistance
 F - a potion of heal wounds


   Skills:
 + Level 5.4 Fighting
 + Level 8.4 Long Blades
 + Level 1.7 Throwing
 + Level 6.2 Armour
 + Level 3.4 Dodging
 + Level 1.6 Stealth
 * Level 10.0 Shields


You had 9 spell levels left.
You didn't know any spells.
Your spell library contained the following spells:

 Spells                   Type           Power      Damage    Failure   Level
 Beastly Appendage        Tmut           0%         N/A       100%        1
 Sandblast                Erth           0%         2d4       100%        1
 Lesser Beckoning         Tloc           0%         N/A       100%        2
 Passwall                 Tmut/Erth      0%         N/A       100%        2
 Wereblood                Tmut           0%         N/A       100%        2
 Gell's Gravitas          Tloc           0%         N/A       100%        3
 Spider Form              Tmut/Pois      0%         N/A       100%        3
 Stone Arrow              Conj/Erth      0%         3d7       100%        3
 Teleport Other           Tloc           0%         N/A       100%        3
 Anguish                  Hex/Necr       0%         N/A       100%        4
 Cause Fear               Hex            0%         N/A       100%        4
 Enfeeble                 Hex            0%         N/A       100%        7
 Haunt                    Necr/Summ      0%         N/A       100%        7
 Infestation              Necr           0%         N/A       100%        8
 Animate Dead             Necr           Unusable   N/A       N/A         4

Dungeon Overview and Level Annotations

Branches:
Dungeon (9/15)             Temple (1/1) D:4            Lair (0/5) D:8
Ossuary (visited)
    Orc: D:9-12

Altars:
Ashenzari
Cheibriados
Dithmenos
Fedhas
Gozag
Hepliaklqana
Kikubaaqudgha
Makhleb
Nemelex Xobeh
Okawaru
Qazlal
Ru
Sif Muna
Trog
Uskayaw
Vehumet
Wu Jian
Xom
Yredelemnul

Shops:
D:1 [   D:2 =   D:8 *

Annotations:
D:9 exclusion: ice statue


Innate Abilities, Weirdness & Mutations

You are mostly covered in thin metallic scales. (AC +3)
You sometimes gain a little power by taking damage.
A meltable shield of frost defends you. (SH +4)
Your touch may inflict minor irresistible damage on your foes.
You are agile. (Dex +4, Str/Int -1)
A frigid envelope surrounds you and freezes all who hurt you.
You are resistant to electric shocks. (rElec)


Message History

As you read the scroll of identify, it crumbles to dust.
D - a potion of resistance Really walk into a travel-excluded area?
You feel yourself speed up.
The ice statue glitters chillingly in the dim dungeon light.
You see here a phantom mirror.
You completely miss the ice statue. The ice statue gestures at you.
The bolt of cold hits you!
You hit the ice statue.
You melt the ice statue.
The ice statue is lightly damaged.
You slash the ice statue!
You melt the ice statue.
The ice statue is moderately damaged.
You hit the ice statue but do no damage.
The ice statue is moderately damaged.
The ice statue gestures at you. The freezing blast engulfs you.
You hit the ice statue.
You melt the ice statue.
The ice statue is moderately damaged.
You are engulfed in freezing vapours.
The ice statue gestures.
You barely miss the ice statue.
The ice statue is moderately damaged.
You are engulfed in freezing vapours.
You hit the ice statue but do no damage.
The ice statue is moderately damaged.
You are engulfed in freezing vapours.
You block the ice beast's attack.
You hit the ice statue but do no damage.
The ice statue is moderately damaged.
You are engulfed in freezing vapours.
The ice beast barely misses you.
You barely miss the ice statue.
The ice statue is moderately damaged.
You are engulfed in freezing vapours.
You slash the ice statue!
You melt the ice statue.
The ice statue is heavily damaged.
You are engulfed in freezing vapours.
The ice statue gestures at you. The shard of ice hits you!!
You die...
Your body crumbles into a pile of gold.

#.#####.# #.# #.#####
#####.# #......
#######.....# #.####.
#...........#####.#
#.
##...............).#
##
#........}.........#
#............##.#..#
##.....°@°....##)#..#
#......°8Y....##.#..#
##
#........$.....#.#..#
#.
#...................#
#.
#.#...........##.####
#. #.........[...##.#
#. #.............##.#
#. #.##############.#
## #.# #.# ######


You could see an ice statue and an ice beast (summoned).

Vanquished Creatures
  Erica (D:8)
  Pikel (D:7)
  A cyclops (D:8)
  The ghost of TrayleKats the Shield-Bearer, a novice FoFi of Okawaru (D:6)
  Psyche (D:8)
  Grinder (D:6)
  A hornet (D:9)
  A steam dragon (D:7)
  6 yaks (D:9)
  Eustachio (D:6)
  Menkaure (D:7)
  A water moccasin (D:8)
  Duvessa (D:7)
  3 orc warriors
  An ice beast (D:7)
  2 sky beasts
  2 black bears
  3 ogres
  A centaur (D:7)
  2 phantoms (D:5)
  2 kobold brigands
  A scorpion (D:4)
  3 bullfrogs (D:7)
  4 wights (D:7)
  Dowan (D:7)
  3 killer bees (D:8)
  8 hounds
  A jelly (D:7)
  6 orc priests
  2 gnoll boudas
  4 sleepcaps
  2 iguanas
  8 orc wizards
  3 mummies (Ossuary)
  8 gnolls
  10 adders
  2 white imps
  2 ufetubi
  3 adder zombies (Ossuary)
  A worm (D:3)
  A dart slug (D:2)
  37 orcs
  2 ball pythons (D:3)
  10 bats
  4 endoplasms (D:2)
  2 giant cockroaches
  6 goblins
  3 hobgoblins
  2 jackals (D:4)
  14 kobolds
  3 quokkas
  2 frilled lizards
  2 goblin zombies (Ossuary)
  5 hobgoblin zombies (Ossuary)
  4 kobold zombies (Ossuary)
  An orc zombie (Ossuary)
  3 rats
  3 rat zombies (Ossuary)
210 creatures vanquished.

Notes
Turn   | Place    | Note
-------+----------+-------------------------------------------
     0 | D:1      | Adrian566 the Demonspawn Gladiator began the quest for the
                  | Orb.
     0 | D:1      | Reached XP level 1. HP: 16/16 MP: 1/1
    69 | D:1      | Found a faded altar of an unknown god.
   208 | D:1      | Found Gymomudd's Armour Emporium.
   316 | D:1      | Gained mutation: A meltable shield of frost defends you.
                  | (SH +4) [demonic ancestry]
   316 | D:1      | Reached XP level 2. HP: 22/22 MP: 2/2
   951 | D:2      | Gained mutation: Your touch may inflict minor irresistible
                  | damage on your foes. [demonic ancestry]
   951 | D:2      | Reached XP level 3. HP: 24/27 MP: 3/3
  1072 | D:2      | Reached skill level 1 in Shields
  1471 | D:2      | Found Bothojieh's Jewellery Boutique.
  1584 | D:3      | Reached XP level 4. HP: 25/34 MP: 4/4
  1882 | D:3      | You fall into a shaft and drop 2 floors!
  1882 | D:5      | Entered Level 5 of the Dungeon
  1910 | D:5      | Noticed an ogre
  1921 | D:5      | Killed an ogre
  1922 | D:5      | Reached skill level 1 in Armour
  1922 | D:5      | Reached skill level 2 in Shields
  1922 | D:5      | Gained mutation: You are partially covered in thin metallic
                  | scales. (AC +2) [demonic ancestry]
  1922 | D:5      | Reached XP level 5. HP: 30/39 MP: 5/5
  2135 | D:5      | Noticed a phantom
  2148 | D:5      | Killed a phantom
  2149 | D:5      | Reached XP level 6. HP: 46/46 MP: 6/6
  2296 | D:5      | Reached skill level 3 in Shields
  2329 | D:4      | Reached skill level 5 in Long Blades
  2497 | D:4      | Identified the +4 dagger of the Enchanting Viper {heavy,
                  | rElec rCorr Int-4}
  2513 | D:4      | Reached XP level 7. HP: 50/52 MP: 7/7
  2588 | D:4      | Found a sand-covered staircase.
  2592 | Ossuary  | Entered an ossuary
  3449 | D:4      | Gained mutation: You are clumsy. (Dex -2) [potion of
                  | mutation]
  3449 | D:4      | Gained mutation: You are dopey. (Int -2) [potion of
                  | mutation]
  3449 | D:4      | Gained mutation: You are resistant to electric shocks.
                  | (rElec) [potion of mutation]
  3450 | D:4      | Lost mutation: You are dopey. (Int -2) [potion of mutation]
  3450 | D:4      | Lost mutation: You are clumsy. (Dex -2) [potion of
                  | mutation]
  3450 | D:4      | Gained mutation: You are agile. (Dex +4, Str/Int -1)
                  | [potion of mutation]
  3450 | D:4      | Gained mutation: A frigid envelope surrounds you and
                  | freezes all who hurt you. [potion of mutation]
  3560 | D:4      | Found a staircase to the Ecumenical Temple.
  3573 | D:4      | Reached skill level 4 in Shields
  3580 | Temple   | Entered the Ecumenical Temple
  4364 | D:3      | Found a hide-covered altar of Uskayaw.
  4375 | D:3      | Found a bloodstained altar of Trog.
  4375 | D:3      | Found a stormy altar of Qazlal.
  4382 | D:3      | Found a shimmering blue altar of Sif Muna.
  4388 | D:3      | Found a shadowy altar of Dithmenos.
  4690 | D:5      | Gained mutation: You are mostly covered in thin metallic
                  | scales. (AC +3) [demonic ancestry]
  4690 | D:5      | Reached XP level 8. HP: 53/58 MP: 8/8
  4699 | D:5      | Reached skill level 5 in Shields
  4941 | D:6      | Noticed Grinder
  4949 | D:6      | Paralysed by Grinder for 5 turns
  4960 | D:6      | Killed Grinder
  5113 | D:6      | Noticed Eustachio
  5126 | D:6      | Killed Eustachio
  5415 | D:6      | Found an opulent altar of Gozag.
  5457 | D:6      | Found a runed translucent gate.
  5470 | D:6      | Became a worshipper of Gozag Ym Sagoz the Greedy
  5481 | D:6      | Noticed TrayleKats's ghost (novice FoFi)
  5482 | D:6      | Found a runed translucent gate.
  5696 | D:6      | Found a runed translucent gate.
  5711 | D:6      | Killed TrayleKats's ghost
  5712 | D:6      | Reached skill level 6 in Shields
  5712 | D:6      | Reached XP level 9. HP: 26/65 MP: 9/9
  5920 | D:7      | Noticed Pikel
  5929 | D:7      | Killed Pikel
  5930 | D:7      | Reached skill level 5 in Armour
  5930 | D:7      | Reached skill level 7 in Shields
  6285 | D:7      | Noticed Duvessa
  6287 | D:7      | Noticed Dowan
  6292 | D:7      | Killed Duvessa
  6299 | D:7      | Killed Dowan
  6398 | D:7      | Noticed Menkaure
  6406 | D:7      | Killed Menkaure
  6640 | D:7      | Reached skill level 8 in Shields
  7278 | D:7      | Found a burning altar of Makhleb.
  7479 | D:8      | Noticed a cyclops
  7490 | D:8      | Gained mutation: You sometimes gain a little power by
                  | taking damage. [demonic ancestry]
  7490 | D:8      | Reached XP level 10. HP: 68/73 MP: 10/10
  7492 | D:8      | Killed a cyclops
  7527 | D:8      | Found Cufal's General Store.
  7557 | D:8      | Identified the +1 cloak of Devotion {Str+8}
  7583 | D:8      | Noticed Psyche
  7594 | D:8      | Killed Psyche
  7595 | D:8      | Reached skill level 9 in Shields
  7751 | D:8      | Noticed Erica
  7752 | D:8      | Found a staircase to the Lair.
  7768 | D:8      | Killed Erica
  7769 | D:8      | Reached skill level 5 in Fighting
  7769 | D:8      | Reached skill level 1 in Stealth
  8492 | D:8      | Bought a scroll of acquirement for 624 gold pieces
  8492 | D:8      | Acquired 1153 gold pieces
  8528 | D:9      | Noticed an ice statue
  9056 | D:9      | Reached skill level 10 in Shields
  9374 | D:9      | Killed from afar by an ice statue

Illustrated notes

Levels and vault maps discovered:
D:1:      dpeg_arrival_tiny_d, layout_loops_cross,
          dreamdust_ecumenical_altar_grove, serial_shops,
          nicolae_shop_tiny_real_fake_doors
D:2:      layout_basic, serial_shops, nicolae_shop_tiny_glass, minmay_tall_x
D:3:      layout_loops_ring, mainiacjoe_overflow_catwalk,
          minmay_overflow_temple_star_hex, grunt_decor_junction,
          minmay_misc_feat_iff
D:4:      layout_loops_ring, minmay_temple_entry_ruins,
          nicolae_ossuary_entry_plus, supply_closet_lemuel
D:5:      layout_rooms, minmay_crystal_water, minmay_fractal_squares_gapless_5
D:6:      layout_rooms, nicolae_gozag_cash_rules_everything_around_me,
          ebering_ghost_rock_garden, uniq_grinder, uniq_eustachio
D:7:      layout_layer_cave, makhleb_heckhound_becter, minmay_manual_mail,
          uniq_duvessa, uniq_pikel, uniq_menkaure
D:8:      layout_loops_ring, dpeg_oklobed_lair, serial_shops, shop,
          kennysheep_another_room, uniq_psyche, uniq_erica
D:9:      layout_loops_cross, minivault_16
Temple:   eino_temple_lava

Skill      XL: |  1  2  3  4  5  6  7  8  9 10 |
---------------+-------------------------------+-----
Long Blades    | 3 4 5 6 7 8 |  8.4
Shields        | 1 2 3 4 6 8 10 | 10.0
Armour         | 1 2 3 4 5 6 |  6.2
Dodging        | 3 |  3.4
Fighting       | 3 4 5 |  5.4
Stealth        | 1 |  1.6
Throwing       | |  1.7

Action                     |  1- 3 |  4- 6 |  7- 9 | 10-12 || total
---------------------------+-------+-------+-------+-------++-------
  Melee: Long sword        |   142 |   140 |   318 |   151 ||   751
    Use: Scroll            |       |    12 |    13 |     4 ||    29
         Potion            |       |     3 |     7 |     3 ||    13
   Stab: Distracted        |       |       |     2 |     2 ||     4
         Invisible         |       |       |       |     1 ||     1
 Armour: Leather armour    |    15 |       |       |       ||    15
         Ring mail         |    48 |       |       |       ||    48
         Plate armour      |    20 |   109 |   158 |    52 ||   339
  Dodge: Dodged            |    76 |    20 |    39 |    14 ||   149
  Block: Buckler           |    57 |    63 |     1 |       ||   121
         Other             |     7 |       |       |       ||     7
         Kite shield       |       |       |   262 |    84 ||   346
         Reflection        |       |       |     8 |       ||     8

Table legend: (Time is in decaauts)
 A = Elapsed time spent in this place.
 B = Non-inter-level travel time spent in this place.
 C = Inter-level travel time spent in this place.
 D = Time resting spent in this place.
 E = Time spent auto-exploring this place.
 F = Levels seen in this place.
 G = Mean time per level.
                   A        B        C        D        E       F      G
               +--------+--------+--------+--------+--------+-----+--------+
         Total |   9488 |   9013 |    475 |    589 |   6622 |  11 |  862.5 |
       Dungeon |   8676 |   8210 |    466 |    255 |   6332 |   9 |  964.0 |
        Temple |     66 |     57 |      9 |      0 |     49 |   1 |   66.0 |
       Ossuary |    745 |    745 |      0 |    334 |    241 |   1 |  745.0 |
               +--------+--------+--------+--------+--------+-----+--------+

Top non-repeatable levels by time:
     D:7: 1609 daAuts
     D:8: 1026 daAuts
     D:4: 1018 daAuts
     D:6: 914 daAuts
     D:9: 872 daAuts
     D:5: 856 daAuts
     D:1: 822 daAuts
     D:2: 806 daAuts
     D:3: 750 daAuts
 Ossuary: 745 daAuts
  Temple: 66 daAuts
